AoeStats
← Dniskhan

Arena

510840992Analyzed
3v3 RM · 22h ago on Oct 2, 2026· 42m 24s· 6 players
Game mode
Random Map
Map size
Normal (6 player)
Population
200
Speed
Normal
Resources
Standard
Victory
Conquest
Starting age
Dark Age
Ending age
Imperial Age
RankedLock teamsTeams togetherTeam positionsShared explorationLock speedFull tech treeHidden civsTurbo modeCheats
Victory
Defeat
🇩🇪 Cumans · Germany
1085
+14
🇩🇪 Khmer · Germany
1065
+15
🇩🇪 Koreans · Germany
1039
+16
🇪🇸 Lithuanians · Spain
1071
-15
🇨🇳 Hindustanis · China
1040
-15
🇩🇪 Burgundians · Germany
1033
-15
mcfly
10:25 Feudal Age
14:26 Castle Age
12:26 Double-Bit Axe
15:06 Horse Collar
15:41 Bow Saw
Danny chan
11:24 Feudal Age
16:19 Castle Age
15:07 Horse Collar
15:15 Double-Bit Axe
18:36 Bow Saw
18:29 Heavy Plow
20:22 Fervor
26:47 Loom
30:31 Wheelbarrow
30:17 Grand Trunk Road
30:22 Husbandry
30:42 Bloodlines
30:48 Gold Mining
32:06 Scale Mail Armor
32:18 Forging
33:36 Scale Barding Armor
40:55 Chain Barding Armor
Hillary Clinton
10:20 Feudal Age
16:19 Castle Age
14:24 Double-Bit Axe
14:21 Horse Collar
23:11 Fletching
25:43 Loom
30:06 Imperial Age
28:00 Scale Barding Armor
28:57 Forging
29:24 Bloodlines
Chrille
11:30 Feudal Age
14:18 Castle Age
13:23 Double-Bit Axe
14:45 Bloodlines
24:55 Scale Barding Armor
25:57 Bow Saw
29:14 Wheelbarrow
29:37 Forging
33:01 Imperial Age
31:21 Husbandry
33:59 Cavalier
35:15 Iron Casting
35:04 Chain Barding Armor
36:40 Iron Casting
37:05 Horse Collar
37:38 Fletching
37:49 Padded Archer Armor
38:37 Crossbowman
40:48 Bodkin Arrow
41:55 Ballistics
41:33 Arbalester
Dniskhan
9:03 Loom
11:07 Feudal Age
12:05 Double-Bit Axe
17:49 Fletching
25:31 Castle Age
25:39 Capped Ram
27:12 Horse Collar
30:15 Bloodlines
32:01 Wheelbarrow
31:11 Town Watch
32:19 Light Cavalry
34:41 Heavy Plow
35:34 Gold Mining
39:56 Forging
39:53 Scale Barding Armor
42:42 Chain Barding Armor
42:58 Iron Casting
Dr. LapuLapu
13:31 Feudal Age
17:06 Castle Age
14:59 Double-Bit Axe
15:01 Horse Collar
15:50 Fletching
18:17 Bodkin Arrow
22:31 Loom
30:30 Bow Saw
31:48 Heavy Plow
Connection lost

Rejoining the realm…

Still unreachable

The connection could not be restored.

Session expired

The server has moved on; the page needs a fresh start.